 Dungeon Crawl Stone Soup version 0.24.0-10-g970556be89 (webtiles) character file.

Game seed: 15506495536614273325, levelgen mode: deterministic

17290 Inarius the Reanimator (level 12, -9/84 HPs)
             Began as a Mummy Necromancer on Nov 4, 2019.
             Was an Initiate of Gozag.
             Mangled by a spiny frog (17 damage)
             ... on level 2 of the Lair of Beasts.
             The game lasted 00:38:37 (16676 turns).

Inarius the Reanimator (Mummy Necromancer)         Turns: 16676, Time: 00:38:37

Health: -9/84      AC:  8    Str: 12    XL:     12   Next: 17%
Magic:  26/26      EV: 13    Int: 21    God:    Gozag
Gold:   1560       SH:  4    Dex: 17    Spells: 19/31 levels left

rFire    . . .     SeeInvis .   u - +5 scimitar (elec)
rCold    + . .     Gourm    .   t - +0 buckler
rNeg     + + +     Faith    .   h - +3 leather armour {MR+}
rPois    ∞         Spirit   .   k - +0 helmet
rElec    .         Reflect  .   z - +0 cloak "Opsij" {Int+2 Dex+5}
rCorr    .         Harm     .   (no gloves)
MR       +++..                  (no boots)
Stlth    ++........             c - amulet of magic regeneration
HPRegen  0.24/turn              j - ring of protection from fire
MPRegen  0.45/turn              C - ring of protection from magic

@: no status effects
A: no food or potions, fire vulnerability, cold resistance 1, negative energy
resistance 3, torment resistance, unbreathing
a: Potion Petition, Call Merchant, Bribe Branch, Renounce Religion


You were on level 2 of the Lair of Beasts.
You worshipped Gozag.
Gozag was most pleased with you.
You were not hungry.

You visited 3 branches of the dungeon, and saw 14 of its levels.

You collected 2629 gold pieces.
You spent 835 gold pieces at shops.
You paid 234 gold pieces to Gozag.

Inventory:

Hand Weapons
 d - a +3 scimitar of freezing
 g - a +0 dagger of draining
 l - a +2 scimitar of flaming
 u - a +5 scimitar of electrocution (weapon)
Missiles
 a - 15 boomerangs (quivered)
Armour
 h - a +3 leather armour of magic resistance (worn)
 k - a +0 helmet (worn)
 r - a scarf of cloud immunity
 t - a +0 buckler (worn)
 z - the +0 cloak "Opsij" (worn) {Int+2 Dex+5}
   (You bought it in a shop on level 5 of the Dungeon)

   It affects your intelligence (+2).
   It affects your dexterity (+5).
 E - a +2 robe of cold resistance
Jewellery
 c - an amulet of magic regeneration (around neck)
 e - an uncursed ring of protection from fire
 j - a ring of protection from fire (left hand)
 m - an uncursed ring of fire
 y - an uncursed ring of protection from fire
 A - an uncursed amulet of harm {unknown}
 C - a ring of protection from magic (right hand)
 D - an uncursed ring of ice
 F - a +4 ring of dexterity {unknown}
Wands
 f - a wand of random effects (4)
 n - a wand of enslavement (2)
 B - a wand of digging (3)
Scrolls
 b - 7 scrolls of remove curse
 i - 2 scrolls of blinking
 p - 2 scrolls of enchant armour {unknown}
 q - 5 scrolls of teleportation
 s - 2 scrolls of immolation {unknown}
 v - 3 scrolls of noise
 w - a scroll of amnesia {unknown}
 x - 3 scrolls of vulnerability


   Skills:
 + Level 4.3 Fighting
 + Level 2.2(3.0) Short Blades
 - Level 3.1(3.5) Long Blades
   Level 2.3 Staves
 - Level 0.2 Throwing
 + Level 3.9 Armour
 - Level 4.0 Dodging
 - Level 1.5 Stealth
 + Level 1.4 Shields
 - Level 10.1 Spellcasting
 * Level 2.6 Conjurations
 * Level 14.1 Necromancy
 + Level 3.5 Evocations


You had 19 spell levels left.
You knew the following spells:

 Your Spells              Type           Power        Failure   Level  Hunger
a - Pain                  Necr           ####         1%          1    N/A
b - Animate Skeleton      Necr           N/A          1%          1    N/A
c - Vampiric Draining     Necr           ######....   1%          3    N/A
d - Blink                 Tloc           N/A          17%         2    N/A
e - Magic Dart            Conj           ###.         4%          1    N/A
f - Iskenderun's Mystic   Conj           ###.....     36%         4    N/A

Your spell library contained the following spells:

 Spells                   Type           Power        Failure   Level  Hunger
 Animate Dead             Necr           N/A          1%          4    N/A
 Searing Ray              Conj           ###...       6%          2    N/A
 Apportation              Tloc           ##....       12%         1    N/A
 Confusing Touch          Hex            ##....       12%         1    N/A
 Summon Small Mammal      Summ           ##..         12%         1    N/A
 Call Imp                 Summ           ##......     17%         2    N/A
 Slow                     Hex            ##......     17%         2    N/A
 Conjure Flame            Conj/Fire      ###.....     21%         3    N/A
 Dazzling Spray           Conj/Hex       ###...       21%         3    N/A
 Mephitic Cloud           Conj/Pois/Air  ##......     24%         3    N/A
 Force Lance              Conj/Tloc      ###.....     54%         4    N/A
 Fulminant Prism          Conj/Hex       ###.......   54%         4    N/A
 Regeneration             Chrm/Necr      Unusable     N/A         3    N/A

Dungeon Overview and Level Annotations

Branches:
Dungeon (11/15)            Temple (1/1) D:7            Lair (2/6) D:10
  Snake (0/4) Lair:2          Orc (0/2) D:10
  Swamp: Lair:2-4    Shoals: Lair:2-4

Altars:
Ashenzari
Cheibriados
Fedhas
Gozag
Hepliaklqana
Kikubaaqudgha
Nemelex Xobeh
Okawaru
Qazlal
Trog
Uskayaw
Wu Jian
Xom
Yredelemnul
Zin
The Shining One

Shops:
D:4 [   D:5 [

Annotations:
D:5 Harold
D:10 Josephine


Innate Abilities, Weirdness & Mutations

You do not eat or drink.
Your flesh is vulnerable to fire.
You are immune to poison.
Your flesh is cold resistant. (rC+)
You are immune to negative energy. (rN+++)
You are immune to unholy pain and torment.
You can survive without breathing.


Message History

Press: ? - help, Shift-Dir - straight line, f/p - spiny frog
Aim: a spiny frog (moderately wounded, chance to defeat MR: 84%)
The spiny frog writhes in agony.
The spiny frog stings you but does no damage.
You block the spiny frog's attack.
Unknown command.
Casting: Pain (safe; 1% risk of failure)
Confirm with . or Enter, or press ? or * to list all spells.
Aiming: Pain (safe; 1% risk of failure)
Press: ? - help, Shift-Dir - straight line, f/p - spiny frog
Aim: a spiny frog (moderately wounded, chance to defeat MR: 84%)
The spiny frog writhes in agony.
The spiny frog stings you!
* * * LOW HITPOINT WARNING * * *
The spiny frog barely misses you.
As you read the scroll of fear, it crumbles to dust.
You assume a fearsome visage.
The spiny frog looks frightened!
The spiny frog croaks.
The spiny frog stings you!
You die...
Your body crumbles into a pile of gold.

..........###..#...#
...#.###..# ####...#
..#.......# #....#
..#....#..# ##...#
.......#..# #...#
..+....+..# #...#
..#....#..# #...#
..####....######...##
................@...#
.#P.#.#..#..#..F....#
.+...........#.....##
...................##
.#..................#
.............#.....##
.P.................#
.##!##.#.#.........#
.)................#


You could see a spiny frog.

Vanquished Creatures
  Fannar (Lair:1)
  A hydra (Lair:1)
  Erica (D:9)
  A two-headed ogre (D:4)
  Joseph (D:10)
  4 spiny frogs
  2 komodo dragons (Lair:1)
  A merfolk (D:10)
  A troll (D:8)
  3 blink frogs (Lair:2)
  A hornet (D:9)
  2 hippogriffs
  Sigmund (D:3)
  16 yaks
  3 wraiths (D:11)
  Eustachio (D:5)
  4 basilisks
  4 humans (D:8)
  A hungry ghost (D:9)
  A naga (Lair:2)
  4 water moccasins
  4 porcupines
  3 orc warriors
  2 black bears
  3 ice beasts
  4 ogres
  A phantom (D:6)
  11 wolves (Lair:1)
  4 centaurs
  A necrophage (D:9)
  2 crocodiles
  2 big kobolds
  6 bullfrogs
  Blork the orc (D:6)
  A water moccasin zombie (D:7)
  4 scorpions
  3 killer bees (D:11)
  7 wights
  A bullfrog zombie (D:5)
  4 crimson imps
  A quasit (D:7)
  A gnoll shaman (D:9)
  2 jellies
  A bullfrog skeleton (D:11)
  Crazy Yiuf (D:5)
  5 hounds
  7 orc priests
  Jessica (D:2)
  2 centaur skeletons
  6 iguanas
  12 orc wizards
  13 worker ants
  Natasha (twice) (D:3)
  A howler monkey zombie (D:9)
  3 worker ant zombies
  12 gnolls
  13 adders
  A shadow imp (D:7)
  An ooze (D:5)
  A worm (D:2)
  3 dart slugs (D:1)
  6 leopard geckos
  44 orcs
  4 giant cockroaches
  2 goblins (D:1)
  7 hobgoblins
  9 jackals
  11 kobolds
  3 quokkas
  2 ball pythons (D:1)
  A ball python skeleton (D:4)
  8 bats
  4 frilled lizards
  A leopard gecko skeleton (D:4)
  A leopard gecko zombie (D:5)
  A quokka skeleton (D:6)
  6 rats
317 creatures vanquished.

Vanquished Creatures (others)
  An orc (D:7)
  12 fungi
  3 plants
16 creatures vanquished.

Grand Total: 333 creatures vanquished

Notes
Turn   | Place    | Note
-------+----------+-------------------------------------------
     0 | D:1      | Inarius the Mummy Necromancer began the quest for the Orb.
     0 | D:1      | Reached XP level 1. HP: 13/13 MP: 4/4
   228 | D:1      | Reached XP level 2. HP: 19/19 MP: 3/5
   277 | D:1      | Learned a level 1 spell: Animate Skeleton
   941 | D:2      | Reached XP level 3. HP: 24/24 MP: 5/7
  1326 | D:2      | Noticed Jessica
  1331 | D:2      | Killed Jessica
  1331 | D:2      | Reached skill level 5 in Necromancy
  1331 | D:2      | Reached XP level 4. HP: 30/30 MP: 6/9
  1728 | D:3      | Learned a level 3 spell: Vampiric Draining
  2132 | D:3      | Found a bloodstained altar of Trog.
  2202 | D:3      | Reached XP level 5. HP: 35/35 MP: 9/11
  2204 | D:3      | Noticed Sigmund
  2279 | D:3      | Noticed an orc warrior
  2606 | D:4      | Reached skill level 1 in Armour
  2665 | D:4      | Found Xeteuf's Armour Boutique.
  2927 | D:4      | Noticed a two-headed ogre
  3079 | D:4      | Reached XP level 6. HP: 25/42 MP: 1/12
  3187 | D:4      | Bought a +3 leather armour of magic resistance for 240 gold
                  | pieces
  3299 | D:3      | Killed Sigmund
  3299 | D:3      | Reached skill level 1 in Short Blades
  3299 | D:3      | Reached skill level 5 in Spellcasting
  3299 | D:3      | Reached skill level 6 in Necromancy
  3327 | D:3      | Noticed Natasha
  3335 | D:3      | Killed Natasha
  3338 | D:3      | Noticed Natasha
  3344 | D:3      | Killed Natasha
  3439 | D:3      | Reached XP level 7. HP: 42/47 MP: 9/14
  3753 | D:3      | Reached skill level 7 in Necromancy
  4109 | D:4      | Found a shimmering altar of Xom.
  4110 | D:4      | Found a hazy altar of Hepliaklqana.
  4111 | D:4      | Noticed a spectral ugly thing
  4563 | D:5      | Entered Level 5 of the Dungeon
  4625 | D:5      | Noticed Eustachio
  4645 | D:5      | Killed Eustachio
  4645 | D:5      | Reached skill level 1 in Fighting
  4645 | D:5      | Reached XP level 8. HP: 43/54 MP: 3/17
  4813 | D:4      | Bought a +1 cloak of poison resistance for 135 gold pieces
  4892 | D:5      | Reached skill level 8 in Necromancy
  4917 | D:5      | Found Fiyd's Armour Boutique.
  4930 | D:5      | Bought a +0 helmet for 67 gold pieces
  4977 | D:5      | Got a slimy whip
  5164 | D:5      | Found a runed translucent door.
  5165 | D:5      | Noticed Crazy Yiuf
  5180 | D:5      | Killed Crazy Yiuf
  5235 | D:5      | Found an ancient bone altar of Kikubaaqudgha.
  5236 | D:5      | Found an iron altar of Okawaru.
  5481 | D:5      | You fall into a shaft and drop 2 floors!
  5501 | D:7      | Reached skill level 9 in Necromancy
  5549 | D:7      | Noticed Harold
  5650 | D:6      | Reached skill level 1 in Staves
  5797 | D:6      | Found a stormy altar of Qazlal.
  6042 | D:7      | Reached XP level 9. HP: 53/61 MP: 18/18
  6048 | D:7      | Found a staircase to the Ecumenical Temple.
  6053 | Temple   | Entered the Ecumenical Temple
  6544 | D:5      | Found a shattered altar of Ashenzari.
  6549 | D:5      | Saw a vision of the Swamp and the Snake Pit.
  6549 | D:5      | Noticed an alligator
  6549 | D:5      | Noticed a black mamba
  6549 | D:5      | Noticed a black mamba
  6549 | D:5      | Noticed a black mamba
  6549 | D:5      | Noticed a naga warrior
  6549 | D:5      | Noticed a naga mage
  6549 | D:5      | Noticed a mana viper
  6549 | D:5      | Noticed a guardian serpent
  6549 | D:5      | Noticed a salamander
  6549 | D:5      | Noticed a black mamba
  6551 | D:5      | Noticed an anaconda
  6551 | D:5      | Noticed a mana viper
  6552 | D:5      | Noticed a naga ritualist
  6715 | D:6      | Learned a level 2 spell: Blink
  6803 | D:6      | Noticed Blork the orc
  6806 | D:6      | Killed Blork the orc
  7030 | D:6      | Found a glowing silver altar of Zin.
  7274 | D:7      | Reached skill level 10 in Necromancy
  8181 | D:4      | Killed a two-headed ogre
  8415 | Temple   | Became a worshipper of Gozag Ym Sagoz the Greedy
  8809 | D:8      | Reached XP level 10. HP: 59/69 MP: 15/22
  9067 | D:8      | Found a sparkling altar of Nemelex Xobeh.
  9067 | D:8      | Found a shattered altar of Ashenzari.
  9109 | D:8      | Found a stormy altar of Qazlal.
  9519 | D:9      | Reached skill level 11 in Necromancy
  9710 | D:9      | Noticed Erica
  9723 | D:9      | Killed Erica
  9814 | D:9      | Reached skill level 1 in Long Blades
  9816 | D:9      | Reached skill level 1 in Evocations
  9975 | D:5      | Bought the +0 cloak "Opsij" {Int+2 Dex+5} for 393 gold
                  | pieces
 10005 | D:6      | Learned a level 1 spell: Magic Dart
 10160 | D:9      | You fall into a shaft and drop 2 floors!
 10201 | D:10     | Entered Level 10 of the Dungeon
 11019 | D:10     | Found a staircase to the Lair.
 11035 | D:10     | Noticed Joseph
 11048 | D:10     | Killed Joseph
 11048 | D:10     | Reached skill level 12 in Necromancy
 11116 | D:10     | Learned a level 4 spell: Iskenderun's Mystic Blast
 11211 | D:10     | Reached skill level 1 in Conjurations
 11305 | D:10     | Reached XP level 11. HP: 73/75 MP: 24/24
 11646 | D:10     | Found a staircase to the Orcish Mines.
 12594 | D:11     | Noticed Josephine
 13565 | Lair:1   | Entered Level 1 of the Lair of Beasts
 13668 | Lair:1   | Noticed a six-headed hydra
 13681 | Lair:1   | Killed a four-headed hydra
 14097 | Lair:1   | Reached skill level 1 in Shields
 14780 | Lair:1   | Reached skill level 13 in Necromancy
 15038 | Lair:2   | Noticed Fannar
 15064 | Lair:1   | Killed Fannar
 15064 | Lair:1   | Reached skill level 10 in Spellcasting
 15600 | Lair:2   | Found a staircase to the Snake Pit.
 16123 | Lair:2   | Reached XP level 12. HP: 64/83 MP: 24/26
 16339 | Lair:1   | Reached skill level 14 in Necromancy
 16653 | Lair:2   | HP: 3/84 [spiny frog (10)]
 16676 | Lair:2   | Mangled by a spiny frog

Levels and vault maps discovered:
D:1:      minmay_arrival_stair_chambers, layout_basic
D:2:      layout_loops_ring, hangedman_decor_push, minmay_hexomino_u4,
          uniq_jessica
D:3:      layout_basic, overflow_temple_1_default, serial_curves,
          eino_curves_04, eino_curves_02, uniq_sigmund, uniq_natasha
D:4:      minmay_polygon_palace, layout_basic, regret_index_temple_of_mockery,
          serial_shops, shop
D:5:      minmay_spotlight, layout_rooms, gammafunk_temple_overflow_statue,
          serial_shops, shop, first_ration, grunt_ashenzari_visionary
          [grunt_ashenzari_visionary_swamp, grunt_ashenzari_visionary_snake],
          uniq_eustachio, uniq_crazy_yiuf_cottage
D:6:      layout_cave_pools, kennysheep_little_box, zin_scriptorium,
          uniq_blork_the_orc
D:7:      layout_layer_cave, temple_doors_cd, uniq_harold
D:8:      layout_basic, grunt_temple_overflow_open, basic_altar, minmay_ruffians
D:9:      layout_irregular_city, uniq_erica
D:10:     layout_roguey, lair_entry_dummy, erik_orc_3, hangedman_fish_farm,
          uniq_joseph
D:11:     layout_stronghold, minmay_liquid_box, chequers_garden, uniq_josephine
Temple:   cyrus_circular_temple
Lair:1:   layout_chaotic_city, minivault_19, chequers_serial_rivers_micro_d
Lair:2:   layout_chaotic_city, minmay_snake_entry_guardpost_small, uniq_fannar

Skill      XL: |  1  2  3  4  5  6  7  8  9 10 11 12 |
---------------+-------------------------------------+-----
Spellcasting   | 3 4 5 6 8 9 10 | 10.1
Necromancy     | 5 6 7 9 10 12 13 14 | 14.1
Armour         | 1 2 3 |  3.9
Short Blades   | 1 2 |  2.2
Dodging        | 2 3 4 |  4.0
Fighting       | 1 2 3 4 |  4.3
Staves         | 1 2 |  2.3
Long Blades    | 2 3 |  3.1
Evocations     | 2 3 |  3.5
Conjurations   | 1 2 |  2.6
Shields        | 1 |  1.4
Throwing       | |  0.2
Stealth        | |  1.5

Action                   |  1- 3 |  4- 6 |  7- 9 | 10-12 || total
-------------------------+-------+-------+-------+-------++-------
Melee: Short sword       |    26 |       |       |       ||    26
       Dagger            |       |    91 |   204 |       ||   295
       Quarterstaff      |       |       |   128 |       ||   128
       Scimitar          |       |       |    47 |   405 ||   452
Throw: Boomerang         |       |       |     7 |     4 ||    11
 Cast: Pain              |    49 |    47 |    75 |   100 ||   271
       Vampiric Draining |       |    12 |    65 |   109 ||   186
       Animate Skeleton  |       |     2 |     2 |       ||     4
       Magic Dart        |       |       |       |    11 ||    11
Evoke: Wand              |       |       |     5 |    17 ||    22
  Use: Scroll            |       |     3 |     7 |    12 ||    22
 Stab: Sleeping          |     3 |     1 |     4 |     3 ||    11
       Distracted        |       |       |       |     4 ||     4
Armor: Robe              |     5 |    17 |       |       ||    22
       Leather armour    |       |    10 |   165 |   134 ||   309
Dodge: Dodged            |    25 |    70 |   362 |   296 ||   753
Block: Buckler           |       |       |     6 |    91 ||    97
       Rpst.: Scimitar   |       |       |    14 |    87 ||   101
